 Dungeon Crawl Stone Soup version 0.32-a0-422-g28b100f618 (webtiles) character file.

Game seed: 1815672855989794820

986 sanka the Toxicologist (level 8, -9/52 HPs)
             Began as a Merfolk Alchemist on Feb 21, 2024.
             Was an Initiate of Vehumet.
             Mangled by Blork the orc
             ... wielding a +6 heavy battleaxe
              (23 damage)
             ... on level 5 of the Dungeon.
             The game lasted 00:06:55 (5288 turns).

sanka the Toxicologist (Merfolk Alchemist)          Turns: 5288, Time: 00:06:55

Health: -9/52      AC:  5    Str:  8    XL:     8   Next: 18%
Magic:  1/14       EV: 12    Int: 17    God:    Vehumet [......]
Gold:   323        SH:  0    Dex: 14    Spells: 6/15 levels left

rFire   + . .        u - +4 quarterstaff (chaos)
rCold   + . .        (shield currently unavailable)
rNeg    . . .        s - +2 robe {rF+}
rPois   .            (no helmet)
rElec   .            t - +0 cloak
rCorr   .            (no gloves)
SInv    .            (no boots)
Will    .....        (no amulet)
Stlth   ++           (no ring)
HPRegen 0.28/turn    x - ring of protection from cold
MPRegen 0.14/turn

%: no passive effects
@: studying Fighting
A: (nimble swimmer 2), mertail
a: Renounce Religion


You were on level 5 of the Dungeon.
You worshipped Vehumet.
Vehumet was noncommittal.
You visited 2 branches of the dungeon, and saw 6 of its levels.

You collected 323 gold pieces.


Innate Abilities, Weirdness & Mutations

((You are very nimble when in or above water. (Stealth+, EV+, Speed+++)))
Your lower body shifts to a powerful aquatic tail in water.


   Skills:
 - Level 2.6 Dodging
 - Level 2.1 Stealth
 - Level 4.0 Spellcasting
 - Level 1.0 Conjurations
 + Level 3.2 Fire Magic
 + Level 9.9 Alchemy


You had 6 spell levels left.
You knew the following spells:

 Your Spells              Type           Power      Damage    Failure   Level
x - Sticky Flame          Fire/Alch      25%        2d6       11%         4
z - Sting                 Conj/Alch      88%        1d8       1%          1
X - Olgreb's Toxic Radia  Alch           37%        N/A       2%          4

Your spell library contained the following spells:

 Spells                   Type           Power      Damage    Failure   Level
 Mercury Vapours          Alch/Air       40%        N/A       3%          2
 Mephitic Cloud           Conj/Alch/Air  15%        N/A       11%         3
 Apportation              Tloc           6%         N/A       16%         1
 Necrotise                Necr           12%        1d4       16%         1
 Summon Small Mammal      Summ           12%        N/A       16%         1
 Ensorcelled Hibernation  Hex/Ice        6%         N/A       24%         2
 Hailstorm                Conj/Ice       5%         3d5       36%         3
 Fugue of the Fallen      Necr           3%         N/A       43%         3
 Ozocubu's Armour         Ice            3%         N/A       43%         3
 Vampiric Draining        Necr           3%         2d6       43%         3
 Anguish                  Hex/Necr       1%         N/A       83%         4
 Manifold Assault         Tloc           3%         N/A       83%         4
 Martyr's Knell           Necr/Summ      3%         N/A       83%         4
 Vhi's Electric Charge    Tloc/Air       6%         N/A       83%         4
 Curse of Agony           Necr           3%         N/A       99%         5

Inventory:

Hand Weapons
 a - a +0 whip of draining
 b - a +0 short sword of protection
 u - a +4 quarterstaff of chaos (weapon)
Missiles
 A - a curare-tipped dart {=f}
Armour
 l - a +0 tower shield
 s - a +2 robe of fire resistance (worn)
 t - a +0 cloak (worn)
Magical Staves
 w - a staff of cold
Jewellery
 x - a ring of protection from cold (right hand)
Scrolls
 c - 2 scrolls of teleportation {unknown}
 e - 3 scrolls of identify {unknown}
 f - a scroll of poison {unknown}
 g - a scroll of silence {unknown}
 k - a scroll of fog {unknown}
 o - 2 scrolls of enchant armour {unknown}
 p - 2 scrolls of enchant weapon {unknown}
 q - a scroll of blinking {unknown}
 r - a scroll of immolation {unknown}
 y - a scroll of amnesia {unknown}
 z - a scroll of fear {unknown}
Potions
 d - a potion of magic
 h - 2 potions of haste {unknown}
 i - a potion of degeneration {unknown}
 j - 3 potions of curing {unknown}
 m - a potion of brilliance {unknown}
 n - a potion of might {unknown}
 v - a potion of cancellation {unknown}

Dungeon Overview and Level Annotations

Branches:
Dungeon (5/15)             Temple (1/1) D:5

Altars:
Ashenzari
Cheibriados
Elyvilon
Fedhas
Gozag
Hepliaklqana
Kikubaaqudgha
Okawaru
Ru
Sif Muna
Trog
Vehumet
Wu Jian
Zin

Shops:
D:3 !

Annotations:
D:5 Blork the orc
Temple 2 transporters

...▒▒......▒.
...▒▒†.....▒.▒▒
...▒▒......+.... ▒▒
...▒▒......▒.▒^▒
..▒
...▒▒......▒....▒▒
...
...▒▒▒▒▒.▒.▒..▒..▒▒
..▒
▒.▒.▒..▒▒..▒...▒▒▒
▒...▒....o........
▒▒..▒.▒▒▒m▒.......
▒▒.▒.....▒.......
▒..▒▒.▒▒▒.......
▒.....▒ .......
▒...>.▒ .......
▒▒▒▒▒▒▒ .......
.......


You could see Blork the orc (very poisoned, very drained).


Message History

Found a stone staircase leading down.
You hear the hiss of an avalanche of sand.
Your magical contamination has completely faded away.
Blork the orc comes into view.
He is wielding a +6 heavy battleaxe.
Blork the orc shouts!
Blork the orc gestures at you while chanting.
The magic dart hits you but does no damage.
You start resting.
Blork the orc is nearby!
You begin to radiate toxic energy.
Blork the orc is poisoned.
Blork the orc hits you with a +6 heavy battleaxe!
* * * LOW HITPOINT WARNING * * *
The sting misses Blork the orc.
Your toxic aura wanes.
Blork the orc hits you with a +6 heavy battleaxe!
* * * LOW HITPOINT WARNING * * *
The sting hits Blork the orc but does no damage.
Blork the orc looks even sicker.
Blork the orc is moderately wounded.
Unknown command.
You closely miss Blork the orc.
Blork the orc is moderately wounded.
Blork the orc misses you.
Unknown command.
You sock Blork the orc! You drain Blork the orc.
Blork the orc is almost dead.
Blork the orc hits you with a +6 heavy battleaxe!!
You die...

Action                     |  1- 3 |  4- 6 |  7- 9 || total
---------------------------+-------+-------+-------++-------
  Melee: Short sword       |    50 |       |       ||    50
         Unarmed           |     3 |       |       ||     3
         Whip              |     5 |     7 |       ||    12
         Quarterstaff      |       |     6 |    20 ||    26
   Cast: Sting             |    58 |    59 |    32 ||   149
         Olgreb's Toxic Ra |       |     4 |     5 ||     9
         Sticky Flame      |       |       |     2 ||     2
   Stab: Sleeping          |     1 |       |       ||     1
 Armour: Robe              |    51 |    18 |    28 ||    97
  Dodge: Dodged            |    67 |    21 |    27 ||   115

Levels and vault maps discovered:
D:1:      dpeg_arrival_boxes_within_box, layout_rooms, serial_co_window_serial,
          co_window_paths_a, co_window_corner_a, co_window_paths_a,
          co_window_of_opportunity_a, co_window_paths_a, co_window_corner_b,
          co_window_corner_b, co_window_unsneaky_path_a,
          co_window_unsneaky_path_a, co_window_of_opportunity_b,
          co_window_paths_d, glass_columns_b, glass_columns_b, glass_columns_a
D:2:      layout_loops_cross, basic_altar
D:3:      layout_basic, nicolae_overflow_ecumenical_swirl, serial_shops, shop,
          nicolae_grassy_gnolls, uniq_crazy_yiuf_cottage, uniq_sigmund
D:4:      layout_basic, amcnicky_altar_gilded, mainiacjoe_overflow_alcove_1,
          dreamdust_princess_bridge, serial_library_regret_index_headful,
          uniq_edmund
D:5:      layout_basic, gammafunk_temple_overflow_forgotten,
          minmay_temple_entry_trees, enter_ossuary_5,
          eino_small_chamber_without_monster, sigmund_army, uniq_blork_the_orc
Temple:   hellmonk_temple_divided_pantheon

Notes
Turn   | Place    | Note
-------+----------+-------------------------------------------
     0 | D:1      | sanka the Merfolk Alchemist began the quest for the Orb.
     0 | D:1      | Reached XP level 1. HP: 13/13 MP: 3/3
   212 | D:1      | Reached skill level 1 in Conjurations
   265 | D:1      | Reached XP level 2. HP: 10/19 MP: 0/5
   448 | D:1      | Reached XP level 3. HP: 20/24 MP: 6/6
  1401 | D:2      | Reached skill level 5 in Alchemy
  1765 | D:2      | Reached skill level 3 in Spellcasting
  1919 | D:2      | Reached XP level 4. HP: 30/30 MP: 4/8
  1977 | D:2      | Learned a level 4 spell: Olgreb's Toxic Radiance
  2244 | D:2      | Found an opulent altar of Gozag.
  2718 | D:3      | Found Omikha's Distillery.
  2795 | D:3      | Found a runed translucent door.
  2796 | D:3      | Noticed Crazy Yiuf
  2868 | D:3      | Reached XP level 5. HP: 35/35 MP: 0/10
  2869 | D:3      | Reached skill level 6 in Alchemy
  3170 | D:3      | Noticed Sigmund
  3186 | D:3      | Killed Sigmund
  3187 | D:3      | Reached skill level 4 in Spellcasting
  3187 | D:3      | Reached skill level 7 in Alchemy
  3187 | D:3      | Reached XP level 6. HP: 33/41 MP: 0/12
  3366 | D:3      | Found a faded altar of an unknown god.
  3414 | D:3      | Killed Crazy Yiuf
  3592 | D:3      | Learned a level 4 spell: Sticky Flame
  3637 | D:4      | Found a hazy altar of Hepliaklqana.
  3657 | D:4      | Reached skill level 8 in Alchemy
  3741 | D:4      | Reached skill level 1 in Fire Magic
  3889 | D:4      | Reached XP level 7. HP: 43/46 MP: 8/13
  4016 | D:4      | Got the Handbook of Confrontation and the Wayfarer
  4442 | D:3      | Found a bloodstained altar of Trog.
  4536 | D:4      | Noticed Edmund
  4546 | D:4      | Killed Edmund
  4547 | D:4      | Reached skill level 2 in Fire Magic
  4547 | D:4      | Reached skill level 9 in Alchemy
  4801 | D:4      | Found a glowing silver altar of Zin.
  5022 | D:5      | Entered Level 5 of the Dungeon
  5030 | D:5      | Reached XP level 8. HP: 25/52 MP: 2/14
  5137 | D:5      | Found a staircase to the Ecumenical Temple.
  5145 | Temple   | Found a transporter.
  5145 | Temple   | Found a transporter.
  5145 | Temple   | Found a transporter.
  5145 | Temple   | Found a transporter.
  5145 | Temple   | Entered the Ecumenical Temple
  5162 | Temple   | Became a worshipper of Vehumet
  5258 | D:5      | Reached skill level 3 in Fire Magic
  5276 | D:5      | Noticed Blork the orc
  5288 | D:5      | Mangled by Blork the orc

Vanquished Creatures
  Sigmund (D:3)
  Edmund (D:4)
  A water moccasin (D:5)
  A centaur (D:5)
  A phantom (D:4)
  A kobold brigand (D:5)
  A scorpion (D:5)
  Crazy Yiuf (D:3)
  A gnoll bouda (D:3)
  An orc wizard (D:4)
  7 gnolls
  3 adders
  2 white imps (D:4)
  2 dart slugs
  2 ribbon worms
  An orc (D:3)
  7 bats
  8 endoplasms
  3 giant cockroaches
  5 goblins
  4 hobgoblins
  5 jackals
  4 quokkas
  3 ball pythons
  A frilled lizard (D:1)
  9 kobolds
  7 rats
83 creatures vanquished.

Vanquished Creatures (others)
  A shadow imp (D:4)
1 creature vanquished.

Grand Total: 84 creatures vanquished
